 Dungeon Crawl Stone Soup version 0.26.1-11-gd32895ea62 (webtiles) character file.

Game seed: 1386097203841514375

10320 MisterFreud the Grappler (level 11, -1/107 HPs)
             Began as a Troll Monk on May 10, 2021.
             Slain by a red ugly thing (14 damage)
             ... on level 9 of the Dungeon.
             The game lasted 00:15:41 (9753 turns).

MisterFreud the Grappler (Troll Monk)               Turns: 9753, Time: 00:15:42

Health: -1/107     AC:  9    Str: 21    XL:     11   Next: 34%
Magic:  10/10      EV: 13    Int: 12    God:
Gold:   807        SH:  0    Dex: 15    Spells: 10/10 levels left

rFire    . . .     SeeInvis .     - Unarmed
rCold    . . .     Faith    +   (no shield)
rNeg     + . .     Spirit   .   A - +0 steam dragon scales
rPois    .         Reflect  .   b - +0 hat
rElec    .         Harm     .   (no cloak)
rCorr    .         Rampage  .   (gloves unavailable)
Will     .....                  (boots unavailable)
Stlth    ++........             l - amulet of faith
HPRegen  0.67/turn              C - ring of positive energy
MPRegen  0.12/turn              w - +6 ring of intelligence

@: no status effects
A: large, unfitting armour, claws 3, regeneration 1, shaggy fur 1, tough skin 3
a: no special abilities


You were on level 9 of the Dungeon.
You visited 1 branch of the dungeon, and saw 12 of its levels.
You also visited: Bailey.

You collected 807 gold pieces.

Inventory:

Missiles
 f - 17 javelins
 q - a throwing net
 v - 2 silver boomerangs
 y - a boomerang (quivered)
Armour
 a - a +0 robe
 b - a +0 hat (worn)
 A - +0 steam dragon scales (worn)
 H - a +1 cloak
Jewellery
 l - an amulet of faith (around neck)
 w - a +6 ring of intelligence (right claw)
 C - a ring of positive energy (left claw)
Wands
 r - a wand of digging (12)
 x - a wand of paralysis (9)
 z - a wand of flame (13)
 B - a wand of acid (3)
 I - a wand of iceblast (6)
Scrolls
 c - 4 scrolls of teleportation
 e - 5 scrolls of remove curse
 j - a scroll of fear
 p - 4 scrolls of amnesia
 E - 5 scrolls of identify
 F - a scroll of acquirement {unknown}
Potions
 d - a potion of haste
 g - 2 potions of berserk rage
 h - a potion of might
 i - a potion of degeneration
 k - 2 potions of invisibility
 m - 2 potions of heal wounds
 n - a potion of cancellation
 o - 2 potions of attraction {unknown}
 s - 4 potions of brilliance
 t - a potion of mutation {unknown}
 u - 2 potions of flight {unknown}
 D - 2 potions of magic {unknown}
Miscellaneous
 G - a tin of tremorstones (2/2)


   Skills:
 + Level 6.8 Fighting
 - Level 6.0 Throwing
 - Level 6.0 Dodging
 - Level 1.0 Stealth
 - Level 12.0 Unarmed Combat
 + Level 4.8 Evocations


You had 10 spell levels left.
You didn't know any spells.
Your spell library contained the following spells:

 Spells                   Type           Power        Failure   Level
 Magic Dart               Conj           0%           32%         1
 Sting                    Tmut/Pois      0%           32%         1
 Blink                    Tloc           N/A          45%         2
 Call Imp                 Summ           0%           45%         2
 Poisonous Vapours        Pois/Air       0%           45%         2
 Slow                     Hex            0%           45%         2
 Conjure Flame            Conj/Fire      0%           69%         3
 Ignite Poison            Fire/Tmut/Pois 0%           69%         3
 Mephitic Cloud           Conj/Pois/Air  0%           69%         3
 Olgreb's Toxic Radiance  Pois           0%           97%         4
 Bolt of Magma            Conj/Fire/Erth 0%           100%        5
 Iskenderun's Battlesphe  Conj           0%           100%        5
 Iron Shot                Conj/Erth      0%           100%        6
 Orb of Destruction       Conj           0%           100%        7
 Spellforged Servitor     Conj/Summ      0%           100%        7


Dungeon Overview and Level Annotations

Branches:
Dungeon (12/15)            Temple (0/1) D:6            Lair (0/6) D:9
 Bailey (visited)
    Orc: D:9-12

Altars:
Cheibriados
Gozag
Okawaru
Ru
Sif Muna
Trog
Xom
The Shining One

Annotations:
D:3 2 exclusions
D:10 Harold
D:11 2 runed translucent doors


Innate Abilities, Weirdness & Mutations

You are too large for most types of armour.
You have claws for hands.
Your natural rate of healing is unusually fast.
You are covered in fur. (AC +1)
You have extremely tough skin. (AC +3)


Message History

The wolf completely misses you. The wolf misses you.
The red ugly thing engulfs you.
You are engulfed in flames!!
* * * LOW HITPOINT WARNING * * *
You claw the red ugly thing!
The red ugly thing is almost dead.
The wolf bites you but does no damage.
You scratch the red ugly thing. Your claw misses the red ugly thing.
The red ugly thing is almost dead.
The red ugly thing engulfs you but does no damage.
The wolf bites you.
* * * LOW HITPOINT WARNING * * *
You closely miss the red ugly thing.
The red ugly thing is almost dead.
The wolf barely misses you. The red ugly thing barely misses you.
You scratch the red ugly thing but do no damage.
The red ugly thing is almost dead.
The wolf bites you but does no damage. The red ugly thing engulfs you!
* * * LOW HITPOINT WARNING * * *
You are engulfed in flames!
You die...

######## ##u@....##
##.h......## ##########
#..........# ..##.....##
#..........#
..........###...?......#
...........##..........#
.......................#
......................$.
...........##..........#


You could see a red ugly thing and a wolf.

Vanquished Creatures
  A boulder beetle (D:11)
  Pikel (D:9)
  Maggie (D:8)
  A komodo dragon (D:11)
  2 trolls
  A hornet (D:12)
  Grinder (D:5)
  A wyvern (D:7)
  6 yaks (D:10)
  A water moccasin (D:6)
  2 black bears
  14 orc warriors
  3 sky beasts
  A phantom (D:9)
  3 necrophages
  4 ice beasts
  3 ogres
  2 wolves (D:9)
  10 centaurs
  A lemure (D:9)
  7 bullfrogs
  A wyvern zombie (D:12)
  2 scorpions
  6 wights
  4 electric eels
  2 howler monkeys (D:9)
  2 bullfrog zombies
  8 hounds
  7 orc priests
  14 orc wizards
  5 bullfrog skeletons
  4 jellies
  2 centaur skeletons
  4 iguanas
  6 worker ants
  3 hound skeletons
  A worker ant zombie (D:9)
  2 howler monkey zombies
  3 gnolls (D:4)
  18 adders
  A howler monkey skeleton (D:4)
  3 white imps
  An ufetubus (D:7)
  An ooze (D:1)
  2 worms
  5 leopard geckos
  57 orcs
  5 giant cockroaches
  9 goblins
  5 hobgoblins
  17 jackals
  7 quokkas
  3 ball pythons
  5 bats
  7 frilled lizards
  7 kobolds
  A leopard gecko skeleton (D:5)
  A quokka zombie (D:6)
  A rat (D:1)
298 creatures vanquished.

Vanquished Creatures (others)
  An orc wizard (D:4)
1 creature vanquished.

Grand Total: 299 creatures vanquished

Notes
Turn   | Place    | Note
-------+----------+-------------------------------------------
     0 | D:1      | MisterFreud the Troll Monk began the quest for the Orb.
     0 | D:1      | Reached XP level 1. HP: 22/22 MP: 0/0
    62 | D:1      | Reached XP level 2. HP: 27/29 MP: 1/1
   508 | D:1      | Reached skill level 4 in Unarmed Combat
   653 | D:2      | Reached XP level 3. HP: 36/36 MP: 2/2
   826 | D:2      | Reached XP level 4. HP: 24/44 MP: 3/3
   908 | D:2      | Reached skill level 5 in Unarmed Combat
  1196 | D:2      | Found a sacrificial altar of Ru.
  1492 | D:3      | Found a shimmering blue altar of Sif Muna.
  1510 | D:3      | Reached XP level 5. HP: 50/50 MP: 4/4
  1766 | D:3      | Reached skill level 6 in Unarmed Combat
  2236 | D:3      | Found an opulent altar of Gozag.
  2450 | D:4      | Noticed an ogre
  2460 | D:4      | Killed an ogre
  2461 | D:4      | Reached XP level 6. HP: 29/59 MP: 5/5
  2526 | D:4      | Reached skill level 7 in Unarmed Combat
  2864 | D:4      | Reached skill level 8 in Unarmed Combat
  2869 | D:4      | Reached XP level 7. HP: 62/66 MP: 6/6
  3402 | D:5      | Entered Level 5 of the Dungeon
  3402 | D:5      | Found an iron altar of Okawaru.
  3678 | D:5      | Noticed Grinder
  3689 | D:5      | Killed Grinder
  3690 | D:5      | Reached skill level 1 in Throwing
  3690 | D:5      | Reached XP level 8. HP: 69/78 MP: 7/7
  4223 | D:5      | Found a snail-covered altar of Cheibriados.
  4611 | D:6      | Found a staircase to the Ecumenical Temple.
  4737 | D:6      | Found a shimmering altar of Xom.
  4850 | D:6      | Found a bloodstained altar of Trog.
  5145 | D:7      | Reached skill level 5 in Dodging
  5145 | D:7      | Reached XP level 9. HP: 56/84 MP: 8/8
  5377 | D:8      | Reached skill level 5 in Throwing
  5377 | D:8      | Reached skill level 9 in Unarmed Combat
  5444 | D:8      | Noticed Maggie
  5463 | D:8      | Killed Maggie
  6069 | D:7      | Reached skill level 10 in Unarmed Combat
  6513 | D:9      | Noticed a troll
  6514 | D:9      | Found a staircase to the Lair.
  6533 | D:9      | Noticed Pikel
  6543 | D:9      | Reached XP level 10. HP: 56/92 MP: 9/9
  6570 | D:9      | Reached skill level 11 in Unarmed Combat
  6592 | D:9      | Killed Pikel
  6600 | D:9      | HP: 3/92 [orc priest/divine providence (12)]
  6767 | D:9      | Found a glowing golden altar of the Shining One.
  6847 | D:9      | Noticed a red ugly thing
  6873 | D:10     | Entered Level 10 of the Dungeon
  6883 | D:10     | Reached skill level 12 in Unarmed Combat
  6938 | D:10     | Reached skill level 1 in Evocations
  7128 | D:10     | Noticed Harold
  7186 | D:10     | Reached skill level 5 in Fighting
  7204 | D:10     | You fall into a shaft and drop 1 floor!
  7261 | D:11     | Found a runed translucent door.
  7326 | D:11     | Noticed a boulder beetle
  7356 | D:11     | Killed a boulder beetle
  7490 | D:11     | Found a flagged portal.
  7509 | Bailey   | Entered a bailey
  7712 | Bailey   | Reached XP level 11. HP: 93/105 MP: 10/10
  8549 | D:11     | Found a runed translucent door.
  8872 | D:11     | Noticed a white ugly thing
  9753 | D:9      | Slain by a red ugly thing

Illustrated notes

Levels and vault maps discovered:
D:1:      erik_arrival_cave_to_civilisation [erik_arrival_cave_to_hall],
          layout_basic, st_stairs_11
D:2:      layout_rooms, nicolae_ru_the_path_less_chosen,
          chequers_serial_rivers_micro_a, minmay_hedge_maze
D:3:      layout_basic, lemuel_coloured_pillars_altar, serial_park_tiny_1,
          chequers_serial_rivers_small_a, hex_intersection, led_sif_book
D:4:      layout_basic
D:5:      layout_basic, nicolae_overflow_crystal_walls, okawaru_trees_2,
          uniq_grinder
D:6:      layout_basic, nicolae_overflow_hidden_temple,
          minmay_temple_entry_mini_moons, xom_teletrap_fun
D:7:      layout_basic
D:8:      layout_rooms, uniq_maggie
D:9:      layout_rooms, lemuel_crystal_altar, erik_lair_island, uniq_pikel
D:10:     layout_cave_pools, erik_orc_2, hangedman_misty_isle, uniq_harold
D:11:     cheibrodos_histonic, layout_irregular_city, serial_glass,
          glass_columns_b, glass_columns_a, enter_bailey_3, st_stairs_9,
          uniq_snorg
D:12:     layout_big_octagon

Skill      XL: |  1  2  3  4  5  6  7  8  9 10 11 |
---------------+----------------------------------+-----
Unarmed Combat | 4 5 6 8 10 12 | 12.0
Fighting       | 4 5 6 |  6.8
Dodging        | 4 5 6 |  6.0
Throwing       | 1 4 6 |  6.0
Evocations     | 3 4 |  4.8
Stealth        | |  1.0

Action                   |  1- 3 |  4- 6 |  7- 9 | 10-12 || total
-------------------------+-------+-------+-------+-------++-------
Melee: Unarmed           |   108 |   139 |   344 |   303 ||   894
       Punch             |     1 |     6 |    16 |    13 ||    36
Throw: Boomerang         |       |       |       |    57 ||    57
       Throwing net      |       |       |       |     1 ||     1
Evoke: Wand              |       |       |       |     6 ||     6
  Use: Scroll            |       |       |    11 |     3 ||    14
       Potion            |       |       |     1 |     3 ||     4
 Stab: Sleeping          |     2 |     2 |     6 |       ||    10
       Paralysed         |       |       |       |     1 ||     1
Armor: Robe              |    51 |    34 |    45 |       ||   130
       Steam dragon scal |       |       |    45 |   133 ||   178
Dodge: Dodged            |    71 |    70 |   178 |   241 ||   560
